Map: Temple gelé

Players

pupu

  • Race: Protoss Protoss
  • League: Silver

Kyryt - Winner!

  • Race: Zerg Zerg
  • League: Silver

VOD

Have the link to the VOD?

Description

Time

  • Played on: April 9, 2016, 4:44 a.m.
  • Length: 2:03
Show
View Real Time Build Order
Export as new Build Order

pupu Protoss 

Build Orders:  

Get SALT Encoding   

  12  0:01  Probe (Chrono Boost)  
  13  0:11  Probe (Chrono Boost)  
  14  0:20  Pylon  
  14  0:23  Probe (Chrono Boost)  
  15  0:38  Probe (Chrono Boost)  
  15  0:41  Gateway  
  16  0:49  Probe (Chrono Boost)  
  17  0:56  Assimilator  
  17  0:59  Probe (Chrono Boost)  
  18  1:29  Assimilator  
  18  1:32  Probe (Chrono Boost)  
  19  1:36  Gateway  
  19  1:39  Pylon  
  19  1:42  Probe (Chrono Boost)  
  22  1:53  Probe (Chrono Boost)  
  23  1:55  Pylon  
Show
View Real Time Build Order
Export as new Build Order

Kyryt Zerg - Winner!

Build Orders: Pool First 

Get SALT Encoding   

  12  0:02  Drone  
  13  0:23  Spawning Pool  
  13  0:26  Drone  
  13  0:30  Drone  
  13  0:34  Extractor  
  13  0:37  Drone  
  14  0:48  Overlord  
  14  1:10  Zergling x6  
  17  1:16  Queen  
  19  1:24  Zergling x2  
  20  1:36  Drone  
  21  1:54  Hatchery  
Tags
 
Add a new tag
Caveats
  • Supply blocks, unpowered buildings, or Contaminate may cause inaccurate times.
  • Supply counts are checked every 10 seconds.